 Dungeon Crawl Stone Soup version 0.15-a0-33-ga435e27 (webtiles) character file.

2077 Zigabaro the Chopper (level 8, 0/68 HPs)
             Began as a Lava Orc Fighter on Apr 1, 2014.
             Was a Believer of Beogh.
             Slain by a killer bee (5 damage)
             ... on Level 7 of the Dungeon.
             The game lasted 00:18:04 (5320 turns).

Zigabaro the Chopper (Lava Orc Fighter)             Turns: 5320, Time: 00:18:04

HP   0/68        AC  8     Str 21      XL: 8   Next: 82%
MP  15/15        EV  9     Int  8      God: Beogh [**....]
Gold 285         SH  0     Dex 10      Spells:  1 memorised,  6 levels left

rFire  + + +     SeeInvis .     t - +0,+1 battleaxe (venom)
rCold  x . .     Clarity  .     b - +0 scale mail
rNeg   . . .     Conserve .     (no shield)
rPois  .         rCorr    .     (no helmet)
rElec  .         rRot     .     (no cloak)
SustAb . .       Spirit   .     (no gloves)
rMut   .         Warding  .     (no boots)
Saprov + . .     Stasis   .     (no amulet)
MR     .....                    (no ring)
                                o - ring of flight

@: lethally poisoned, not resistant to hostile enchantments, extremely
unstealthy
A: conserve scrolls, saprovore 1
a: Smiting, Renounce Religion, Evoke Flight


You were on level 7 of the Dungeon.
You worshipped Beogh.
Beogh was pleased with you.
You were not hungry.

You visited 1 branch of the dungeon, and saw 7 of its levels.

You collected 285 gold pieces.

Inventory:

Hand weapons
 a - a +1,+0 war axe
 t - a +0,+1 battleaxe of venom (weapon)
Armour
 b - a +0 scale mail (worn)
 c - a +0 shield
 D - a +0 plate armour
Magical devices
 r - a wand of fire (6)
 y - a wand of random effects (6)
 B - a wand of random effects (9)
 C - a wand of enslavement (9)
Comestibles
 d - a meat ration
 f - 4 bread rations
 n - a pear
 w - 3 apples
Scrolls
 g - 6 scrolls of identify
 i - 4 scrolls of teleportation
 k - 4 scrolls of enchant weapon I
 l - 5 scrolls of remove curse
 m - 3 scrolls of enchant weapon II
 z - a scroll of fog {unknown}
Jewellery
 o - a ring of flight (left hand)
 p - a cursed -4 ring of intelligence
 x - an uncursed amulet of stasis
Potions
 e - a potion of might
 h - a potion of restore abilities
 j - a potion of invisibility
 v - a potion of agility
 A - a potion of brilliance
Books
 s - a book of Hinderance

   Spells                             Type                      Level
   *Confusing Touch                   Hexes                        1
   Confuse                            Hexes                        3
   Petrify                            Transmutation/Earth          4
   Leda's Liquefaction                Hexes/Earth                  4
   Metabolic Englaciation             Hexes/Ice                    5
   Summon Mana Viper                  Hexes/Summoning              5
 u - Jessica's Incunabulum of Good Luck
   (You found it on level 3 of the Dungeon)

   Spells                             Type                      Level
   Infusion                           Charms                       1


   Skills:
 + Level 5.1 Fighting
 + Level 5.9 Axes
 + Level 5.9 Armour
 + Level 3.6 Dodging
 + Level 0.8 Stealth
   Level 4.8 Shields
 * Level 1.6 Hexes
 * Level 5.5 Invocations
 * Level 4.8 Evocations


You had 6 spell levels left.
You knew the following spells:

 Your Spells              Type           Power        Failure   Level  Hunger
a - Confusing Touch       Hex            #.........   54%         1    ##.....


Dungeon Overview and Level Annotations

Branches:
Dungeon (7/15)             Temple (0/1) D:4

Altars:
Fedhas
Okawaru
Trog
Vehumet

Shops:
D:6 (

Annotations:
D:5 BestPrincess' ghost, experienced DECj; Menkaure


Innate Abilities, Weirdness & Mutations

You have stony skin.
Your flesh is almost immune to the effects of heat.
Your fire spells are more powerful.
Your flesh is vulnerable to cold.
Your heat harms attackers.
You bathe your surroundings in blazing heat.
You are too hot to use scrolls.
You are very good at protecting items from fire.
You can tolerate rotten meat.


Message History

* * * LOW HITPOINT WARNING * * *
You are poisoned.
The killer bee poisons you! The killer bee is singed by your heat.
The killer bee is moderately wounded.
The killer bee closely misses you. The killer bee stings you.
* * * LOW HITPOINT WARNING * * *
The killer bee is singed by your heat.
The killer bee is heavily wounded.
The killer bee stings you.
* * * LOW HITPOINT WARNING * * *
The killer bee appears unharmed.
The killer bee stings you but does no damage.
The killer bee is singed by your heat.
The killer bee is severely wounded.
Your scale mail prevents you from hitting the killer bee.
The killer bee is severely wounded.
Your scale mail prevents you from hitting the killer bee.
The killer bee is severely wounded.
You feel sick. The killer bee stings you.
You die...

######################
.....................#
...............%..<..#
...............%@....#
...............%kk...#
.............^.......#
######...............#
#..............>#
#.).............#
#...............#
#...............#
#...............#


You could see 2 killer bees.

Vanquished Creatures
  Pikel (D:6)
  Grinder (D:6)
  2 orc warriors (D:6)
  A slave (D:6)
  2 giant frogs (D:6)
  4 killer bees (D:7)
  3 scorpions
  A goliath beetle (D:6)
  An orc priest (D:6)
  An iguana (D:6)
  2 jellies (D:6)
  3 worker ants (D:4)
  A giant frog skeleton (D:4)
  4 gnolls (D:4)
  4 adders
  A giant mite (D:6)
  3 worms
  2 orc skeletons (D:6)
  An adder skeleton (D:5)
  3 giant geckos
  An ooze (D:1)
  8 orcs
  15 hobgoblins
  11 jackals
  9 kobolds
  3 quokkas
  10 bats
  4 giant cockroaches
  3 giant newts
  10 goblins
  2 hobgoblin zombies
  A kobold skeleton (D:6)
  7 rats
125 creatures vanquished.

Vanquished Creatures (others)
  Jessica (D:3)
  An adder (D:6)
  3 orcs (D:3)
  A hobgoblin (D:2)
  2 kobolds (D:3)
  A quokka (D:3)
  3 bats
12 creatures vanquished.

Grand Total: 137 creatures vanquished

Notes
Turn   | Place    | Note
--------------------------------------------------------------
     0 | D:1      | Zigabaro, the Lava Orc Fighter, began the quest for the Orb.
     0 | D:1      | Reached XP level 1. HP: 19/19 MP: 1/1
   185 | D:1      | Reached XP level 2. HP: 13/27 MP: 2/2
   524 | D:1      | Reached skill level 4 in Fighting
   629 | D:1      | Reached XP level 3. HP: 28/33 MP: 3/3
  1052 | D:2      | Reached skill level 1 in Evocations
  1087 | D:2      | Reached skill level 1 in Dodging
  1099 | D:2      | Reached XP level 4. HP: 19/40 MP: 4/4
  1453 | D:3      | Became a worshipper of Beogh the Brigand
  1599 | D:3      | Found a blossoming altar of Fedhas.
  1602 | D:3      | Found a radiant altar of Vehumet.
  1708 | D:3      | Killed Jessica
  1822 | D:3      | Identified Jessica's Incunabulum of Good Luck
  2180 | D:4      | Found a staircase to the Ecumenical Temple.
  2229 | D:4      | Reached XP level 5. HP: 32/46 MP: 6/6
  2355 | D:4      | Acquired Beogh's first power
  2406 | D:4      | Reached skill level 1 in Invocations
  2660 | D:4      | Reached XP level 6. HP: 47/53 MP: 8/8
  2765 | D:5      | Entered Level 5 of the Dungeon
  3088 | D:5      | Noticed Menkaure
  3524 | D:5      | Noticed BestPrincess' ghost (experienced DECj)
  3642 | D:6      | Reached XP level 7. HP: 35/60 MP: 10/10
  3992 | D:6      | Noticed Pikel
  4004 | D:6      | Killed Pikel
  4004 | D:6      | Reached skill level 5 in Axes
  4004 | D:6      | Reached skill level 5 in Armour
  4004 | D:6      | Reached XP level 8. HP: 33/67 MP: 12/14
  4012 | D:6      | Found Wopt's Antique Weapon Boutique.
  4067 | D:6      | Acquired Beogh's second power
  4377 | D:6      | HP: 1/67 [orc warrior/hand axe (13)]
  5078 | D:6      | Found a bloodstained altar of Trog.
  5084 | D:6      | Learned a level 1 spell: Confusing Touch
  5132 | D:6      | Noticed Grinder
  5147 | D:6      | Killed Grinder
  5147 | D:6      | Reached skill level 5 in Fighting
  5147 | D:6      | Reached skill level 1 in Hexes
  5147 | D:6      | Reached skill level 5 in Invocations
  5225 | D:6      | Found an iron altar of Okawaru.
  5311 | D:7      | HP: 2/68 [killer bee (5)]
  5320 | D:7      | Slain by a killer bee

Action                   |  1- 3 |  4- 6 |  7- 9 || total
-------------------------+-------+-------+-------++-------
Melee: War axe           |   160 |   194 |    13 ||   367
       Battleaxe         |       |       |    94 ||    94
Invok: Convert to Beogh  |       |     1 |       ||     1
Evoke: Wand              |       |       |     3 ||     3
  Use: Scroll            |     4 |    11 |     4 ||    19
       Potion            |     3 |     7 |     6 ||    16
